 Dungeon Crawl Stone Soup version 0.25-a0-781-gc44aebf4fe (console) character file.

Game seed: 14511392675743381467, levelgen mode: deterministic

35 Gorlak the Conjurer (level 3, 0/24 HPs)
             Began as a Human Conjurer on Apr 15, 2020.
             Slain by a goblin
             ... wielding a +0 dagger
             ... led by Robin
              (1 damage)
             ... on level 2 of the Dungeon.
             The game lasted 00:07:12 (726 turns).

Gorlak the Conjurer (Human Conjurer)                 Turns: 726, Time: 00:07:13

Health: 0/24       AC:  3    Str:  9    XL:     3   Next: 52%
Magic:  4/6        EV: 12    Int: 15    God:
Gold:   49         SH:  0    Dex: 13    Spells: 5/6 levels left

rFire    . . .     SeeInvis .   i - +0 mace
rCold    . . .     Gourm    +   (no shield)
rNeg     . . .     Faith    .   a - +0 robe
rPois    .         Spirit   .   (no helmet)
rElec    .         Reflect  .   (no cloak)
rCorr    .         Harm     .   j - +0 pair of gloves
MR       .....                  (no boots)
Stlth    ++........             t - amulet of the gourmand
HPRegen  0.08/turn              (no ring)
MPRegen  0.10/turn              (no ring)

@: no status effects
A: no striking features
a: no special abilities


You were on level 2 of the Dungeon.
You were not hungry.

You visited 1 branch of the dungeon, and saw 2 of its levels.

You collected 49 gold pieces.

Inventory:

Hand Weapons
 d - a +0 club
 f - a +0 dagger
 g - a +0 hand axe
 i - a +0 mace (weapon)
 k - a +0 whip
 m - a +0 dagger
 s - a cursed -1 whip
Missiles
 h - 7 atropa-tipped darts (quivered)
 l - 45 bolts
 q - 39 stones
Armour
 a - a +0 robe (worn)
 j - a +0 pair of gloves (worn)
 p - a +0 ring mail
Jewellery
 t - an amulet of the gourmand (around neck)
Scrolls
 b - a scroll of teleportation {unknown}
 n - 2 scrolls of identify {unknown}
Potions
 e - 4 potions of curing {unknown}
 o - a potion of berserk rage {unknown}
 r - a potion of degeneration {unknown}
Comestibles
 c - 5 rations


   Skills:
 + Level 2.3 Dodging
 + Level 2.4 Stealth
 + Level 2.3 Spellcasting
 + Level 4.5 Conjurations


You had 5 spell levels left.
You knew the following spells:

 Your Spells              Type           Power        Failure   Level  Hunger
a - Magic Dart            Conj           ###.         3%          1    #......

Your spell library contained the following spells:

 Spells                   Type           Power        Failure   Level  Hunger
 Searing Ray              Conj           ###...       4%          2    ###....
 Dazzling Flash           Conj/Hex       #.....       26%         3    ###....
 Fulminant Prism          Conj/Hex       #.........   63%         4    #####..
 Iskenderun's Mystic Bla  Conj/Tloc      #.......     63%         4    #####..


Dungeon Overview and Level Annotations

Branches:
Dungeon (2/15)

Altars:

Annotations:
D:2 Robin


Message History

You barely miss the goblin.
The goblin is severely wounded.
Robin hits you but does no damage. The goblin closely misses you.
Robin completely misses you.
You closely miss the goblin.
The goblin is severely wounded.
The goblin barely misses you. Robin closely misses you.
The goblin hits you with a +0 dagger.
* * * LOW HITPOINT WARNING * * *
Robin barely misses you.
You closely miss the goblin.
The goblin is severely wounded.
The goblin no longer looks unusually strong.
Robin roars a battlecry!
The goblin goes into a battle-frenzy!
The goblin hits you with a +0 dagger.
* * * LOW HITPOINT WARNING * * *
Robin barely misses you.
You barely miss the goblin.
The goblin is severely wounded.
Robin completely misses you. The goblin hits you with a +0 dagger.
You die...

#....# #.g..# #ggg.#
##....# .gg..#
###### ######.g$.#.#
#....####
.......g....#
#.##.##..
###g#######.##.##.#
#...#.........†##.#
#.###.######.####.##
#)g@g.# #.####.#.
####### #........
######... #... #...
#<.. #..# #... ##.#
..#


You could see Robin and a goblin.

Vanquished Creatures
  A dart slug (D:1)
  A bat zombie (D:1)
  A giant cockroach (D:1)
  10 goblins
  4 hobgoblins
  5 kobolds
  A bat (D:1)
  A quokka zombie (D:1)
  4 rats (D:1)
28 creatures vanquished.

Notes
Turn   | Place    | Note
-------+----------+-------------------------------------------
     0 | D:1      | Gorlak the Human Conjurer began the quest for the Orb.
     0 | D:1      | Reached XP level 1. HP: 13/13 MP: 3/3
   148 | D:1      | Reached XP level 2. HP: 19/19 MP: 0/5
   551 | D:1      | Reached XP level 3. HP: 24/24 MP: 1/6
   691 | D:2      | Noticed Robin
   725 | D:2      | HP: 1/24 [goblin/+0 dagger[Robin] (5)]
   726 | D:2      | Slain by a goblin

Levels and vault maps discovered:
D:1:      saegor_arrival_fortress, layout_basic
D:2:      layout_basic, uniq_terence, uniq_robin, uniq_sigmund

Action                   || total
-------------------------++-------
Melee: Mace              ||    33
       Unarmed           ||     1
 Cast: Magic Dart        ||    40
Armor: Robe              ||    15
Dodge: Dodged            ||    43

Table legend:
 A = Non-vault XP
 B = Vault XP
 C = Vault XP percentage of total XP
 D = Non-vault monster count
 E = Vault monster count
 F = Vault count percentage of total count
                 A         B        C        D         E       F
            +---------+---------+-------+---------+---------+-------
      Total |      29 |      21 |  42.0 |      17 |      11 |  39.3
            +---------+---------+-------+---------+---------+-------
        D:1 |      27 |       3 |  10.0 |      16 |       2 |  11.1
        D:2 |       2 |      18 |  90.0 |       1 |       9 |  90.0
            +---------+---------+-------+---------+---------+-------
